 Dungeon Crawl Stone Soup version 0.31-a0-965-g8a8ce12e04 (webtiles) character file.

Game seed: 15101728681598740842

28 IdlyInterested the Ruffian (level 3, -7/28 HPs)
             Began as a Demonspawn Gladiator on Oct 26, 2023.
             Killed by divine providence
             ... invoked by an orc priest
              (13 damage)
             ... on level 2 of the Dungeon.
             The game lasted 00:02:36 (954 turns).

IdlyInterested the Ruffian (Demonspawn Gladiator)    Turns: 954, Time: 00:02:36

Health: -7/28      AC:  5    Str: 14 (16) XL:     3   Next: 0%
Magic:  3/3        EV: 12    Int:  7 (9)  God:
Gold:   70         SH:  0    Dex: 12 (14) Spells: 2/2 levels left

rFire   . . .        k - +1 long sword (venom)
rCold   . . .        (no shield)
rNeg    . . .        a - +0 leather armour
rPois   .            b - +0 helmet
rElec   .            (no cloak)
rCorr   .            (no gloves)
SInv    .            (no boots)
Will    .....        q - amulet of regeneration
Stlth   +            (no ring)
HPRegen 1.04/turn    (no ring)
MPRegen 0.08/turn

%: no passive effects
@: invisible
A: spiny 1, mutation resistance 1, sense surroundings 1, shaggy fur 1
a: no special abilities


You were on level 2 of the Dungeon.
You visited 1 branch of the dungeon, and saw 2 of its levels.

You collected 70 gold pieces.

Inventory:

Hand Weapons
 i - a +0 short sword
 k - a +1 long sword of venom (weapon)
Missiles
 c - 3 throwing nets (quivered)
 d - a javelin
 l - 7 stones
Armour
 a - a +0 leather armour (worn)
 b - a +0 helmet (worn)
 o - a +0 pair of boots
Jewellery
 q - an amulet of regeneration (around neck)
Scrolls
 e - a scroll of teleportation {unknown}
 f - 3 scrolls of identify {unknown}
 g - a scroll of blinking {unknown}
 j - a scroll of torment {unknown}
 n - a scroll of enchant armour {unknown}


   Skills:
 * Level 2.6 Fighting
 - Level 1.7 Throwing
 + Level 1.0 Armour
 - Level 2.6 Dodging
 - Level 1.0 Stealth
 - Level 2.6 Unarmed Combat
 - Level 1.0 Evocations


You had 2 spell levels left.
You didn't know any spells.
Your spell library was empty.

Dungeon Overview and Level Annotations

Branches:
Dungeon (2/15)

Altars:

Shops:
D:1 =


Innate Abilities, Weirdness & Mutations

You are partially covered in sharp spines.
You are somewhat resistant to further mutation.
You passively map a small area around you.
You are covered in fur. (AC +1)


Message History

a +0 short sword; a kobold corpse
q - an amulet of regeneration Shopping list: removing an amulet of regeneration on D:1 You start putting on your amulet.
You continue putting on your amulet of regeneration. x5
You finish putting on your amulet of regeneration.
The amulet throbs as it attunes itself to your uninjured body.
q - an amulet of regeneration (around neck)
Found a stone staircase leading down.
An orc, 2 orc priests and an orc wizard come into view.
The orc priest shouts! x2
The orc priest invokes the aid of Beogh against you.
Beogh smites you!
The orc shouts!
The orc wizard shouts!
The orc priest is struck by your spines.
The orc priest barely misses you.
There is a stone staircase leading down here.
You closely miss the orc priest.
The orc priest is lightly wounded.
The orc priest hits you but does no damage.
You closely miss the orc priest.
The orc priest is lightly wounded.
The orc priest invokes the aid of Beogh against you.
Beogh smites you!
* * * LOW HITPOINT WARNING * * *
The orc priest hits you with a +0 whip.
* * * LOW HITPOINT WARNING * * *
It was a potion of degeneration.
There was something very wrong with that liquid.
You feel weakened.
You feel dopey.
You feel clumsy.
The orc priest is struck by your spines.
The orc priest closely misses you.
It was a potion of mutation.
You feel extremely strange.
You feel a strange attunement to the structure of the dungeons.
You feel genetically stable. Fur sprouts all over your body.
It was a potion of invisibility.
You fade into invisibility!
The orc priest mumbles some strange prayers to Beogh against you.
Beogh smites you!
You die...

* * * * #..# ,, *
#..# * ** * #..# #..#
, #..# ######.# #..#
#.@oooo# #
#..##########.######
## #...........#.# #.
##.########.#.# ##
##.# #.#.# # #..#
#.#.# # #.##
#.#.#################
#)#
#....................
#.#
###....##############


You could see 2 orc priests, an orc wizard (unable to see you) and an orc
(unable to see you).

Vanquished Creatures
  3 bats (D:1)
  An endoplasm (D:1)
  3 goblins
  A hobgoblin (D:1)
  3 quokkas
  2 ball pythons (D:1)
  3 frilled lizards
  6 kobolds
  4 rats (D:1)
26 creatures vanquished.

Notes
Turn   | Place    | Note
-------+----------+-------------------------------------------
     0 | D:1      | IdlyInterested the Demonspawn Gladiator began the quest for
                  | the Orb.
     0 | D:1      | Reached XP level 1. HP: 16/16 MP: 1/1
    15 | D:1      | Found Wucuan's Jewellery Shop.
   208 | D:1      | Reached skill level 1 in Armour
   240 | D:1      | Gained mutation: You are partially covered in sharp spines.
                  | [demonic ancestry]
   240 | D:1      | Reached XP level 2. HP: 22/22 MP: 2/2
   373 | D:1      | Reached skill level 1 in Stealth
   898 | D:2      | Reached skill level 1 in Evocations
   917 | D:2      | Reached XP level 3. HP: 28/28 MP: 3/3
   953 | D:2      | Gained mutation: You passively map a small area around you.
                  | [potion of mutation]
   953 | D:2      | Gained mutation: You are somewhat resistant to further
                  | mutation. [potion of mutation]
   953 | D:2      | Gained mutation: You are covered in fur. (AC +1) [potion of
                  | mutation]
   954 | D:2      | Killed from afar by an orc priest

Illustrated notes

Levels and vault maps discovered:
D:1:      grunt_arrival_crossed_arrows, layout_basic, serial_shops, shop
D:2:      layout_loops_ring, basic_altar, minmay_fractal_squares_5

Skill      XL: |  1  2 |
---------------+-------+-----
Armour         | 1 |  1.0
Stealth        | 1 |  1.0
Evocations     | 1 |  1.0
Fighting       | |  2.6
Throwing       | |  1.7
Dodging        | |  2.6
Unarmed Combat | |  2.6

Action                     || total
---------------------------++-------
  Melee: Unarmed           ||    20
         Long sword        ||    24
    Use: Potion            ||     3
 Armour: Leather armour    ||    26
  Dodge: Dodged            ||    21

Table legend: (Time is in decaauts)
 A = Elapsed time spent in this place.
 B = Non-inter-level travel time spent in this place.
 C = Inter-level travel time spent in this place.
 D = Time resting spent in this place.
 E = Time spent auto-exploring this place.
 F = Levels seen in this place.
 G = Mean time per level.
                   A        B        C        D        E       F      G
               +--------+--------+--------+--------+--------+-----+--------+
         Total |    962 |    876 |     86 |     34 |    609 |   2 |  481.0 |
       Dungeon |    962 |    876 |     86 |     34 |    609 |   2 |  481.0 |
               +--------+--------+--------+--------+--------+-----+--------+

Top non-repeatable levels by time:
     D:1: 813 daAuts
     D:2: 148 daAuts
